 Dungeon Crawl Stone Soup version 0.28.0 (webtiles) character file.

Game seed: 11348855703425034406

44 AmazingTV the Shield-Bearer (level 3, -3/33 HPs)
             Began as a Minotaur Fighter on Mar 22, 2024.
             Slain by Natasha (6 damage)
             ... on level 1 of the Dungeon.
             The game lasted 00:03:09 (1120 turns).

AmazingTV the Shield-Bearer (Minotaur Fighter)      Turns: 1120, Time: 00:03:09

Health: -3/33      AC: 12    Str: 20    XL:     3   Next: 41%
Magic:  0/2        EV: 17    Int:  7    God:
Gold:   94         SH:  0    Dex:  9    Spells: 2/2 levels left

rFire   + . .      SeeInvis .   (weapon currently unavailable)
rCold   . . .      Faith    .   (shield currently unavailable)
rNeg    + + +      Spirit   +   (armour currently unavailable)
rPois   +          Reflect  .   (helmet currently unavailable)
rElec   .          Harm     .   (cloak currently unavailable)
rCorr   .          Rampage  .   (gloves currently unavailable)
Will    .....                   (boots currently unavailable)
Stlth   +.........              j - amulet of guardian spirit
HPRegen 0.11/turn               f - ring of protection from fire
MPRegen 0.08/turn               g - ring of poison resistance

@: fungus-form, slowed, very slow
A: melee confuse, terrified, no casting, tiny, (horns 2), (retaliatory headbutt)
a: no special abilities


You were on level 1 of the Dungeon.
You were a sentient fungus.
You visited 1 branch of the dungeon, and saw 2 of its levels.

You collected 94 gold pieces.


Innate Abilities, Weirdness & Mutations

You are a sentient fungus.
You are tiny and evasive.
Your melee attack releases spores that confuse breathing creatures.
You become terrified and freeze when enemies are visible.
Your armour is entirely melded.
You are incapable of wielding weapons or throwing items.
You cannot cast spells.
((You have a pair of horns on your head.))
((You reflexively headbutt those who attack you in melee.))


   Skills:
 + Level 4.0 Fighting
 + Level 3.0(3.2) Axes
 + Level 1.4(2.4) Maces & Flails
 + Level 0.2 Slings
 + Level 4.0 Armour
 + Level 4.0 Shields


You had 2 spell levels left.
You didn't know any spells.
Your spell library contained the following spells:

 Spells                   Type           Power      Damage    Failure   Level
 Blink                    Tloc           0%         N/A       56%         2
 Manifold Assault         Tloc           0%         N/A       100%        5
 Storm Form               Tmut/Air       0%         N/A       100%        7

Inventory:

Hand Weapons
 a - a +0 war axe (melded) {axe}
 b - a +0 hunting sling {sling}
   (You found it on level 1 of the Dungeon)
 k - a +2 short sword of flaming {short}
   (You took it off a kobold on level 1 of the Dungeon)
Missiles
 e - 6 stones (quivered)
 i - 10 arrows
 l - 24 sling bullets
Armour
 c - a +0 buckler (melded)
 n - a +0 scale mail (melded)
Jewellery
 f - a ring of protection from fire (left hypha)
   (You found it on level 1 of the Dungeon)
 g - a ring of poison resistance (right hypha)
   (You found it on level 1 of the Dungeon)
 j - an amulet of guardian spirit (around neck)
   (You found it on level 1 of the Dungeon)
Scrolls
 h - a scroll of fear {unknown}
 m - 3 scrolls of immolation {unknown}
Potions
 d - a potion of might
 o - a potion of heal wounds {unknown}
 p - a potion of haste {unknown}

Dungeon Overview and Level Annotations

Branches:
Dungeon (2/15)

Altars:

Annotations:
D:1 Natasha

#.#
#...............#.
#.#
#.................
#.#
#.....#####....###
#.####...#.# #....#
#..........# #....#
######.....# #....#
#>.##.#####....###
#.h...............
#f.##.###.#####...
#.....# #.# #..#
#####.##.###.# ##...
#.....###....####.#..
#.###.###.....##.###.
#.# #.##..)..>..## ##
#.# #.........##.###.
#.# #####..).####.#.#
#.#######.#..#####.##


You could see Natasha.


Message History

You kill the goblin!
You see here a +0 dagger {short}.
You open the door.
There is an open door here.
You now have 79 gold pieces (gained 8).
You now have 94 gold pieces (gained 15).
Natasha, Servant of Life and Death comes into view.
She is carrying a wand of polymorph (6).
Natasha stares at you and mumbles some strange words.
The magic dart hits you. 😕 HP[-5] MP[-1]
You take 5 damage, and now have 28/33 hp.
You lost 1 mp, and now have 1/2 mp.
Natasha zaps a wand.
You resist with significant effort.
Natasha stares at you and mumbles some strange words.
You feel yourself slow down.
Natasha stares at you and mumbles some strange words.
You feel as though you will be slow longer.
Natasha claws you. x2 😮 HP[-10]
You take 10 damage, and now have 18/33 hp.
MASSIVE DAMAGE!! (PAUSE)
You miss Natasha. Natasha barely misses you. Natasha claws you.
* * * LOW HITPOINT WARNING * * *
😨 HP[-3]
You take 3 damage, and now have 15/33 hp.
You hit Natasha. Your headbutt misses Natasha.
Natasha zaps a wand.
You turn into an insubstantial wisp.
Your +0 war axe {axe} melds into your body.
Your +0 buckler melds into your body.
Your +0 scale mail melds into your body.
Your ring of protection from fire melds into your body.
Your ring of poison resistance melds into your body.
Your amulet of guardian spirit melds into your body.
Natasha barely misses you.
You touch Natasha.
Natasha mumbles some strange words.
Natasha completely misses you. 😨 MP[+1]
Your mp is fully restored (2).
Natasha misses you.
Natasha mumbles some strange words. 😨 HP[+1] Natasha stares at you and mumbles some strange words.
You feel as though you will be slow longer.
The crimson imp blinks!
Natasha casts a spell at you. You resist with significant effort.
Natasha barely misses you.
Natasha stares at you and mumbles some strange words.
The magic dart hits you.
* * * LOW HITPOINT WARNING * * *
Unknown command.
Your transformation is almost over.
Natasha stares at you and mumbles some strange words.
The magic dart hits you.
* * * LOW HITPOINT WARNING * * *
The crimson imp blinks!
There is a stone staircase leading up here. 😨 HP[-1]
You take 1 damage, and now have 15/33 hp.
The shadow imp disappears in a puff of smoke!
Natasha misses you.
Natasha stares at you and mumbles some strange words.
The magic dart hits you.
* * * LOW HITPOINT WARNING * * *
You fly upwards.
The crimson imp disappears in a puff of smoke!
There is a stone staircase leading down here. 😨 HP[-3]
You take 3 damage, and now have 12/33 hp.
You closely miss Natasha. Natasha claws you but does no damage.
You touch Natasha but do no damage.
You condense into your normal self.
Your +0 war axe {axe} unmelds from your body.
Your +0 buckler unmelds from your body.
Your +0 scale mail unmelds from your body.
Your ring of protection from fire unmelds from your body.
Your ring of poison resistance unmelds from your body.
Your amulet of guardian spirit unmelds from your body.
You feel spirits watching over you. Natasha claws you.
* * * LOW HITPOINT WARNING * * *
You hit Natasha. Natasha claws you but does no damage. Natasha claws you.
* * * LOW HITPOINT WARNING * * *
Natasha casts a spell at you. The magic dart hits you.
* * * LOW HITPOINT WARNING * * *
😱 HP[-9] MP[-1]
You take 9 damage, and now have 3/33 hp.
MASSIVE DAMAGE!! (PAUSE)
You lost 1 mp, and now have 1/2 mp.
You barely miss Natasha. Your headbutt misses Natasha.
Natasha zaps a wand.
You turn into a sentient fungus.
Your +0 war axe {axe} melds into your body.
Your +0 buckler melds into your body.
Your +0 scale mail melds into your body.
Natasha claws you!
You die...

Skill      XL: |  1  2  3 |
---------------+----------+-----
Maces & Flails | 1 |  1.4
Shields        | 4 |  4.0
Fighting       | 4 |  4.0
Axes           | 3 |  3.0
Armour         | 4 |  4.0
Slings         | |  0.2

Action                   || total
-------------------------++-------
Melee: War axe           ||    53
       Headbutt          ||     9
       Unarmed           ||     3
 Fire: Hunting sling     ||     5
Armor: Scale mail        ||    19
       Skin              ||     1
Dodge: Dodged            ||    27
Block: Buckler           ||    13

Levels and vault maps discovered:
D:1:      dpeg_arrival_boxorama, layout_loops_ring
D:2:      minmay_evil_eye, layout_basic, uniq_natasha, uniq_crazy_yiuf_cottage

Notes
Turn   | Place    | Note
-------+----------+-------------------------------------------
     0 | D:1      | AmazingTV the Minotaur Fighter began the quest for the Orb.
     0 | D:1      | Reached XP level 1. HP: 19/19 MP: 0/0
     0 | D:1      | magus.rc [v1.9.6]
   116 | D:1      | Reached XP level 2. HP: 27/27 MP: 1/1
   204 | D:1      | Reached skill level 1 in Maces & Flails
   544 | D:1      | You add the spells Blink, Manifold Assault and Storm Form
                  | to your library.
   610 | D:1      | Reached skill level 4 in Shields
   610 | D:1      | Reached XP level 3. HP: 32/33 MP: 2/2
   886 | D:2      | Reached skill level 4 in Fighting
   886 | D:2      | Reached skill level 3 in Axes
   886 | D:2      | Reached skill level 4 in Armour
  1095 | D:2      | Noticed Natasha
  1119 | D:1      | HP: 3/33 [Natasha/magic dart (6)]
  1120 | D:1      | Slain by Natasha

Vanquished Creatures
  An adder (D:2)
  3 dart slugs
  A bat (D:1)
  3 giant cockroaches (D:1)
  4 goblins
  4 hobgoblins (D:1)
  A quokka (D:1)
  4 frilled lizards (D:1)
  4 kobolds (D:1)
  5 rats
30 creatures vanquished.

Table legend:
 A = Non-vault XP
 B = Vault XP
 C = Vault XP percentage of total XP
 D = Non-vault monster count
 E = Vault monster count
 F = Vault count percentage of total count
                 A         B        C        D         E       F
            +---------+---------+-------+---------+---------+-------
      Total |      64 |       0 |   0.0 |      30 |       0 |   0.0
            +---------+---------+-------+---------+---------+-------
        D:1 |      41 |       0 |   0.0 |      24 |       0 |   0.0
        D:2 |      23 |       0 |   0.0 |       6 |       0 |   0.0
            +---------+---------+-------+---------+---------+-------

Illustrated notes

Table legend:
 A = Kills in this place as a percentage of kills in entire the game.
 B = Kills by you in this place as a percentage of kills by you in the entire game.
 C = Kills by friends in this place as a percentage of kills by friends in the entire game.
 D = Other kills in this place as a percentage of other kills in the entire game.
 E = Experience gained in this place as a percentage of experience gained in the entire game.
 F = Experience gained in this place divided by the number of levels of this place that you have seen.
                   A       B       C       D       E      F
               +-------+-------+-------+-------+-------+----------------------
         Total | 100.0 | 100.0 |   N/A |   N/A | 100.0 |  32.0
       Dungeon | 100.0 | 100.0 |   N/A |   N/A | 100.0 |  32.0
               +-------+-------+-------+-------+-------+----------------------

Table legend: (Time is in decaauts)
 A = Elapsed time spent in this place.
 B = Non-inter-level travel time spent in this place.
 C = Inter-level travel time spent in this place.
 D = Time resting spent in this place.
 E = Time spent auto-exploring this place.
 F = Levels seen in this place.
 G = Mean time per level.
                   A        B        C        D        E       F      G
               +--------+--------+--------+--------+--------+-----+--------+
         Total |   1149 |   1054 |     95 |      0 |    842 |   2 |  574.5 |
       Dungeon |   1149 |   1054 |     95 |      0 |    842 |   2 |  574.5 |
               +--------+--------+--------+--------+--------+-----+--------+

Top non-repeatable levels by time:
     D:1: 883 daAuts
     D:2: 265 daAuts
